 Dungeon Crawl Stone Soup version 0.26.1 (webtiles) character file.

Game seed: 16011249677310379849

107488 DasRunzen the Destroyer (level 15, -2/127 HPs)
             Began as a Demigod Conjurer on Feb 4, 2021.
             Slain by an orc knight
             ... wielding a +2 battleaxe of venom
              (21 damage)
             ... on level 1 of the Orcish Mines on Feb 5, 2021.
             The game lasted 02:02:36 (36372 turns).

DasRunzen the Destroyer (Demigod Conjurer)         Turns: 36372, Time: 02:02:36

Health: -2/127     AC: 18    Str: 20    XL:     15   Next: 52%
Magic:  2/42       EV: 20    Int: 22    God:
Gold:   2435       SH:  0    Dex: 24    Spells: 15/33 levels left

rFire    + . .     SeeInvis .   C - staff of air
rCold    + . .     Faith    .   (no shield)
rNeg     + . .     Spirit   .   n - +4 ring mail of the Game Afoot {rPois rCorr Dex+2}
rPois    +         Reflect  .   x - +0 hat
rElec    +         Harm     .   q - scarf {rC+ rF+}
rCorr    +         Rampage  .   I - +0 pair of gloves "Qeczoes" {rN+ Regen+}
Will     +....                  p - +2 pair of boots
Stlth    ++........             y - amulet of the acrobat
HPRegen  0.71/turn              T - ring of magical power
MPRegen  0.28/turn              s - +6 ring of dexterity

@: no status effects
A: yellow scales 1, agile 1, high mp 1
a: no special abilities


You were on level 1 of the Orcish Mines.
You visited 3 branches of the dungeon, and saw 22 of its levels.
You also visited: Bailey and Ice Cave.

You collected 2435 gold pieces.

Inventory:

Hand Weapons
 a - the +4 hand axe of the Jolly Blessings {flame, rC+ Will++ Dex+3}
   (You found it on level 10 of the Dungeon)

   It has been specially enchanted to burn those struck by it, causing extra
   injury to most foes and up to half again as much damage against particularly
   susceptible opponents.
   Big, fiery blades are also staple armaments of hydra-hunters.
   It affects your dexterity (+3).
   It protects you from cold.
   It affects your willpower, your defense against some magical effects.
 c - the +12 glaive of Prune {vorpal}
   (You found it on level 13 of the Dungeon)

   It inflicts extra damage upon your enemies.
 N - the +8 whip "Snakebite" {curare, rPois}
   (You found it on level 4 of the Lair of Beasts)

   It poisons the flesh of those it strikes.
   It protects you from poison.
Armour
 n - the +4 ring mail of the Game Afoot (worn) {rPois rCorr Dex+2}
   (You found it on level 9 of the Dungeon)

   It affects your dexterity (+2).
   It protects you from poison.
   It provides partial protection from all sources of acid and corrosion.
 p - a +2 pair of boots (worn)
 q - a scarf of resistance (worn)
 x - a +0 hat (worn)
 I - the +0 pair of gloves "Qeczoes" (worn) {rN+ Regen+}
   (You found it in an ice cave)

   It protects you from negative energy.
   It increases your rate of regeneration.
 U - +0 shadow dragon scales
Magical Staves
 C - an uncursed staff of air (weapon)
 V - an uncursed staff of death
Jewellery
 l - an uncursed ring of positive energy
 m - an uncursed ring of positive energy
 s - a +6 ring of dexterity (right hand)
 y - an amulet of the acrobat (around neck)
 E - a +4 ring of protection
 L - an uncursed ring of magical power
 M - a +6 ring of dexterity
 O - an uncursed ring of resist corrosion
 P - an uncursed ring of protection from cold
 Q - an uncursed ring of ice
 T - a ring of magical power (left hand)
Wands
 j - a wand of flame (40)
 o - a wand of iceblast (12)
 r - a wand of enslavement (52)
 t - a wand of polymorph (9)
 A - a wand of random effects (51)
 D - a wand of acid (3)
 G - a wand of digging (5)
 J - a wand of paralysis (20)
 S - a wand of disintegration (17)
Scrolls
 e - 2 scrolls of fog
 g - 2 scrolls of identify
 h - 2 scrolls of fear
 i - 7 scrolls of remove curse
 k - a scroll of blinking
 u - 13 scrolls of teleportation
 B - 3 scrolls of enchant weapon
 R - a scroll of magic mapping
Potions
 b - 8 potions of flight
 d - 3 potions of cancellation
 v - 9 potions of curing
 w - 5 potions of might
 z - a potion of resistance
 F - 3 potions of brilliance
 H - a potion of magic
 K - 2 potions of invisibility


   Skills:
 + Level 10.3 Fighting
 + Level 8.3 Staves
 + Level 10.2 Armour
 + Level 10.4 Dodging
 - Level 1.7 Stealth
 + Level 9.6 Spellcasting
 + Level 10.8 Conjurations
 + Level 2.8 Translocations
 + Level 9.0 Air Magic
 + Level 8.1 Evocations


You had 15 spell levels left.
You knew the following spells:

 Your Spells              Type           Power        Failure   Level
a - Magic Dart            Conj           100%         1%          1
b - Searing Ray           Conj           100%         1%          2
c - Lightning Bolt        Conj/Air       34%          4%          5
d - Airstrike             Air            33%          2%          4
e - Swiftness             Air            66%          1%          2
f - Blink                 Tloc           N/A          4%          2
g - Corpse Rot            Necr/Air       N/A          2%          2

Your spell library contained the following spells:

 Spells                   Type           Power        Failure   Level
 Foxfire                  Conj/Fire      100%         1%          1
 Shock                    Conj/Air       100%         1%          1
 Mephitic Cloud           Conj/Pois/Air  56%          1%          3
 Static Discharge         Conj/Air       69%          1%          3
 Apportation              Tloc           46%          3%          1
 Dazzling Flash           Conj/Hex       68%          3%          3
 Stone Arrow              Conj/Erth      68%          3%          3
 Iskenderun's Mystic Bla  Conj/Tloc      40%          5%          4
 Gell's Gravitas          Tloc           11%          9%          3
 Lesser Beckoning         Tloc           11%          9%          3
 Animate Skeleton         Necr           20%          10%         1
 Corona                   Hex            11%          10%         1
 Freeze                   Ice            40%          10%         1
 Summon Small Mammal      Summ           40%          10%         1
 Fulminant Prism          Conj/Hex       17%          11%         4
 Hailstorm                Conj/Ice       34%          11%         4
 Passwall                 Tmut/Erth      8%           14%         2
 Confusing Touch          Hex            10%          28%         3
 Frozen Ramparts          Ice            20%          28%         3
 Ozocubu's Armour         Ice            10%          28%         3
 Passage of Golubria      Tloc           N/A          28%         4
 Silence                  Hex/Air        22%          38%         5
 Cause Fear               Hex            5%           67%         4
 Ice Form                 Ice/Tmut       10%          67%         4
 Petrify                  Tmut/Erth      10%          67%         4
 Summon Ice Beast         Ice/Summ       10%          67%         4
 Freezing Cloud           Conj/Ice/Air   28%          67%         6
 Summon Forest            Summ/Tloc      8%           82%         5
 Lee's Rapid Deconstruct  Erth           5%           95%         5
 Metabolic Englaciation   Hex/Ice        5%           95%         5
 Yara's Violent Unravell  Hex/Tmut       5%           95%         5
 Eringya's Noxious Bog    Tmut/Pois      5%           100%        6
 Hydra Form               Tmut           5%           100%        6
 Invisibility             Hex            10%          100%        6
 Ozocubu's Refrigeration  Ice            5%           100%        6
 Simulacrum               Ice/Necr       5%           100%        6
 Dragon Form              Tmut           5%           100%        7
 Summon Hydra             Summ           5%           100%        7
 Dragon's Call            Summ           5%           100%        9


Dungeon Overview and Level Annotations

Branches:
Dungeon (15/15)            Temple (0/1) D:6            Lair (6/6) D:11
 Shoals (0/4) Lair:2       Spider (0/4) Lair:4        Slime (0/5) Lair:6
    Orc (1/2) D:12         Vaults (0/5) D:14         Depths (0/5) D:15
 Bailey (visited)           IceCv (visited)

Shops:
D:13 [   D:14 (!

Portals:
Trove: D:12 (give 7 potions of haste)

Annotations:
Lair:3 1 runed translucent door, Loywebes's ghost, journeyman MiFi


Innate Abilities, Weirdness & Mutations

You have an increased reservoir of magic. (+10% MP)
You are partially covered in yellow scales. (AC +2)
You are agile. (Dex +2)


Message History

Unknown command.
You feel better. The orc knight closely misses you.
You closely miss the orc knight.
The orc knight is almost dead.
The orc knight no longer looks unusually strong.
You feel better.
You kill the orc knight!
The orc knight shoots a bolt.
The bolt misses you.
The orc knight roars a battlecry!
The orc knight goes into a battle-frenzy!
Casting: Corpse Rot (safe; 2% risk of failure)
Confirm with . or Enter, or press ? or * to list all spells.
You blink.
The orc knight no longer looks unusually strong.
The orc knight closely misses you.
The orc knight unwields a +0 arbalest.
The orc knight wields a +3 war axe.
The orc knight hits you with a +3 war axe!
* * * LOW HITPOINT WARNING * * *
The orc knight hits you with a +2 battleaxe of venom!!
You die...

#...o<.# ≈
##...)###..≈≈
##...).[..§§≈
#........).§.
##.##......).
#.)......$..
###o..#.#.....
#§)oo#####...#
###o@.# #...
###.........
#.$.... .....#
##..## .## #


You could see 4 orc knights.

Vanquished Creatures
  Kirke (D:13)
  A shadow dragon (D:13)
  A white draconian (IceCv)
  An ettin (D:15)
  Harold (D:8)
  Erolcha (D:9)
  A catoblepas (Lair:6)
  4 ogre magi
  A boulder beetle (D:15)
  11 hydras
  An anaconda (Lair:6)
  A death knight (D:14)
  2 dancing weapons (D:14)
  A deep troll shaman (Lair:6)
  5 two-headed ogres
  3 centaur warriors
  7 death yaks
  Sonja (D:10)
  A glowing orange brain (D:12)
  A wizard (D:13)
  A deep elf archer (D:13)
  Pikel (D:3)
  A lindwurm (Lair:6)
  4 orc knights (Orc:1)
  5 deep elf magi (D:13)
  An orb spider (Lair:4)
  18 ugly things
  2 orc sorcerers
  3 wolf spiders
  3 manticores
  An oklob plant (Lair:3)
  3 cyclopes
  11 elephants
  3 centaur zombies
  A naga mage (D:13)
  5 black mambas
  A gargoyle (D:12)
  A torpor snail (Lair:6)
  The ghost of akumoriri the Insei, a novice GnTm (D:5)
  8 cane toads
  7 rime drakes
  2 ice devils (Lair:5)
  12 komodo dragons
  3 freezing wraiths
  2 yaktaurs
  A tengu conjurer (D:15)
  16 polar bears
  7 trolls
  A meliai (shapeshifter) (D:13)
  A wind drake (shapeshifter) (D:13)
  A hornet (Lair:5)
  A wind drake (Lair:2)
  Grinder (D:5)
  13 blink frogs
  6 slime creatures (D:13)
  Prince Ribbit (D:8)
  A dream sheep (Lair:6)
  Sigmund (D:5)
  A centaur simulacrum (D:15)
  4 wyverns
  A yak (shapeshifter) (D:15)
  91 yaks
  4 wraiths
  8 vampire mosquitoes
  5 hogs
  12 basilisks
  3 wargs (Orc:1)
  3 acid dragons
  17 water moccasins
  3 hell hounds
  3 black bears
  12 orc warriors
  A hornet zombie (D:14)
  2 ice beasts
  2 phantoms
  17 centaurs
  4 sky beasts
  2 necrophages
  14 ogres
  21 wolves
  2 lemures (D:4)
  2 big kobolds
  Blork the orc (D:5)
  21 bullfrogs
  A wyvern zombie (D:13)
  8 gnoll sergeants (Bailey)
  A wyvern skeleton (D:13)
  A scorpion (D:9)
  3 killer bees
  A water moccasin skeleton (D:9)
  4 wights (D:11)
  3 howler monkeys (D:11)
  A bullfrog zombie (D:11)
  3 jellies
  A quasit (D:10)
  6 hounds
  6 orc priests
  3 centaur skeletons
  6 gnoll shamans (Bailey)
  4 iguanas
  3 bullfrog skeletons
  Ijyb (D:3)
  16 orc wizards
  12 hell rats
  10 worker ants
  A killer bee zombie (D:6)
  3 hound zombies
  A hound skeleton (D:11)
  A howler monkey zombie (D:9)
  2 worker ant zombies
  14 gnolls (Bailey)
  21 adders
  A shadow imp (D:5)
  4 white imps
  An ufetubus (D:7)
  2 adder zombies
  An adder skeleton (D:8)
  4 worms
  4 dart slugs
  6 leopard geckos
  38 orcs
  A ball python (D:1)
  2 giant cockroaches
  6 hobgoblins
  16 jackals
  6 quokkas
  9 bats
  7 frilled lizards
  12 goblins
  22 kobolds
  A leopard gecko skeleton (D:8)
  5 rats
738 creatures vanquished.

Vanquished Creatures (others)
  An unseen horror (D:15)
  A deep elf mage (D:15)
  A komodo dragon (D:15)
  A sky beast (D:13)
  43 fungi
  137 plants
184 creatures vanquished.

Grand Total: 922 creatures vanquished

Notes
Turn   | Place    | Note
-------+----------+-------------------------------------------
     0 | D:1      | DasRunzen the Demigod Conjurer began the quest for the Orb.
     0 | D:1      | Reached XP level 1. HP: 14/14 MP: 5/5
   316 | D:1      | You fall into a shaft and drop 1 floor!
   331 | D:2      | Reached XP level 2. HP: 22/22 MP: 2/7
   334 | D:2      | Learned a level 2 spell: Searing Ray
  1555 | D:2      | Reached skill level 1 in Fighting
  1610 | D:2      | Reached XP level 3. HP: 28/28 MP: 8/8
  1776 | D:2      | Reached skill level 1 in Armour
  2279 | D:2      | Reached XP level 4. HP: 35/35 MP: 10/10
  2422 | D:2      | Found a burning altar of Makhleb.
  2426 | D:2      | Found a shimmering altar of Xom.
  2429 | D:2      | Found a white marble altar of Elyvilon.
  2440 | D:3      | Noticed Ijyb
  2456 | D:3      | Found a sacrificial altar of Ru.
  2967 | D:3      | Reached XP level 5. HP: 41/41 MP: 6/11
  3175 | D:3      | Killed Ijyb
  3745 | D:4      | Noticed an ogre
  3749 | D:4      | Killed an ogre
  3815 | D:4      | Reached XP level 6. HP: 45/49 MP: 7/13
  5030 | D:5      | Entered Level 5 of the Dungeon
  5030 | D:5      | Noticed Pikel
  5031 | D:5      | Noticed Blork the orc
  5033 | D:5      | Noticed Sigmund
  5129 | D:3      | Killed Pikel
  5130 | D:3      | Reached skill level 5 in Conjurations
  5130 | D:3      | Reached XP level 7. HP: 25/57 MP: 4/15
  5524 | D:5      | Killed Blork the orc
  5525 | D:5      | Reached XP level 8. HP: 58/66 MP: 9/17
  5787 | D:5      | Killed Sigmund
  6157 | D:5      | Found a transporter.
  6160 | D:5      | Noticed akumoriri's ghost (novice GnTm)
  6170 | D:5      | Found a transporter.
  6251 | D:5      | Noticed Grinder
  6259 | D:5      | Killed Grinder
  6428 | D:6      | Reached skill level 5 in Dodging
  6928 | D:6      | Found a staircase to the Ecumenical Temple.
  7199 | D:6      | Reached XP level 9. HP: 56/73 MP: 10/19
  7292 | D:6      | Found a glowing silver altar of Zin.
  7310 | D:6      | Reached skill level 5 in Fighting
  7513 | D:6      | Found an ancient bone altar of Kikubaaqudgha.
  7752 | D:7      | Learned a level 5 spell: Lightning Bolt
  7778 | D:7      | Reached skill level 5 in Spellcasting
  7907 | D:7      | Reached skill level 5 in Armour
  7907 | D:7      | Reached skill level 1 in Air Magic
  8200 | D:7      | Gained mutation: You are agile. (Dex +2) [potion of
                  | mutation]
  8200 | D:7      | Gained mutation: You are partially covered in yellow
                  | scales. (AC +2) [potion of mutation]
  8281 | D:7      | Found a sparkling altar of Nemelex Xobeh.
  8809 | D:8      | Noticed Harold
  8839 | D:8      | Killed Harold
  8856 | D:8      | HP: 1/75 [centaur/arrow (10)]
  8864 | D:8      | HP: 1/75 [centaur (2)]
  8928 | D:8      | Found a flagged portal.
  9061 | Bailey   | Entered a bailey
  9568 | Bailey   | Reached XP level 10. HP: 64/83 MP: 14/22
 10115 | Bailey   | Learned a level 4 spell: Airstrike
 10170 | D:8      | Found a blossoming altar of Fedhas.
 10402 | D:8      | Noticed Prince Ribbit
 10407 | D:8      | Killed Prince Ribbit
 10658 | D:9      | Got a transparent ring mail
 10686 | D:9      | Noticed Erolcha
 10703 | D:9      | Killed Erolcha
 10704 | D:9      | Reached skill level 1 in Staves
 10704 | D:9      | Reached skill level 1 in Evocations
 11085 | D:9      | Got a brightly glowing hunting sling
 11533 | D:9      | Found a glowing golden altar of the Shining One.
 11668 | D:9      | Identified the +4 ring mail of the Game Afoot {rPois rCorr
                  | Dex+2} (You found it on level 9 of the Dungeon)
 11718 | D:10     | Entered Level 10 of the Dungeon
 12314 | D:10     | Noticed Sonja
 12317 | D:10     | Killed Sonja
 12598 | D:10     | Got a fine hand axe
 13064 | D:5      | Killed akumoriri's ghost
 13243 | D:11     | Noticed a manticore
 13268 | D:10     | Reached XP level 11. HP: 57/91 MP: 11/24
 13680 | D:11     | Identified the +7 hunting sling "Newtslayer" {speed, rC-
                  | rN++ Int+2} (You found it on level 9 of the Dungeon)
 13737 | D:11     | Identified the +4 hand axe of the Jolly Blessings {flame,
                  | rC+ Will++ Dex+3} (You found it on level 10 of the Dungeon)
 14008 | D:11     | Noticed a two-headed ogre
 14015 | D:11     | Killed a two-headed ogre
 14738 | D:11     | Reached skill level 5 in Air Magic
 14920 | D:11     | Found a staircase to the Lair.
 15195 | Lair:1   | Entered Level 1 of the Lair of Beasts
 16762 | Lair:2   | Found a staircase to the Shoals.
 17206 | Lair:2   | Reached XP level 12. HP: 100/100 MP: 19/27
 17981 | Lair:3   | Found a snail-covered altar of Cheibriados.
 18759 | Lair:3   | Found a runed translucent door.
 18759 | Lair:3   | Noticed Loywebes's ghost (journeyman MiFi)
 19063 | Lair:4   | Found a hole to the Spider Nest.
 19418 | Lair:4   | Noticed an eight-headed hydra
 19457 | Lair:3   | Killed a one-headed hydra
 19462 | Lair:3   | Learned a level 2 spell: Swiftness
 20275 | Lair:4   | Found the +8 whip "Snakebite" {curare, rPois}
 20687 | Lair:4   | Noticed a six-headed hydra
 20697 | Lair:4   | Killed a six-headed hydra
 20698 | Lair:4   | Reached skill level 5 in Staves
 21388 | Lair:5   | Noticed a five-headed hydra
 21397 | Lair:5   | Killed a five-headed hydra
 21398 | Lair:5   | Reached skill level 5 in Evocations
 21471 | Lair:5   | Found a frozen archway.
 21583 | IceCv    | Entered an ice cave
 21941 | IceCv    | Got a pair of encrusted gloves
 22099 | IceCv    | Identified the cursed +0 pair of gloves "Qeczoes" {rN+
                  | Regen+} (You found it in an ice cave)
 22464 | IceCv    | Reached XP level 13. HP: 101/108 MP: 0/29
 22905 | IceCv    | Noticed a white draconian
 22949 | IceCv    | Killed a white draconian
 23058 | IceCv    | Got a warped triple crossbow
 24405 | Lair:5   | Identified the +10 triple crossbow of Action {elec, +Fly
                  | rPois rC-} (You found it in an ice cave)
 24412 | Lair:6   | Entered Level 6 of the Lair of Beasts
 24412 | Lair:6   | Found a staircase to the Slime Pits.
 24412 | Lair:6   | Found a viscous altar of Jiyva.
 26371 | Lair:6   | Reached XP level 14. HP: 118/118 MP: 24/31
 27440 | Lair:6   | Reached skill level 10 in Conjurations
 28036 | Lair:6   | Identified the Papyrus of Weightlessness and the Voyage
 28671 | D:12     | Found a portal to a secret trove of treasure.
 28967 | D:12     | Found a staircase to the Orcish Mines.
 30284 | D:13     | Paralysed by a wizard for 4 turns
 30294 | D:13     | Paralysed by an ogre mage for 7 turns
 30311 | D:13     | Paralysed by a wizard for 5 turns
 30436 | D:13     | Paralysed by a wizard for 3 turns
 30857 | D:13     | Found Dentiy's Antique Armour Shop.
 31058 | D:13     | Found a shimmering altar of Xom.
 31532 | D:12     | Reached skill level 10 in Dodging
 31739 | D:13     | Found the +12 glaive of Prune {vorpal}
 31908 | D:13     | Noticed Kirke
 32235 | D:13     | Noticed a shadow dragon
 32243 | D:13     | Killed a shadow dragon
 32514 | D:13     | Learned a level 2 spell: Blink
 32833 | D:13     | Killed Kirke
 33132 | D:14     | Reached skill level 10 in Fighting
 33201 | D:14     | Reached XP level 15. HP: 107/126 MP: 33/33
 33308 | D:14     | Reached skill level 1 in Translocations
 33334 | D:14     | Found Ilyxatec's Distillery.
 33351 | D:14     | Found Gerorol's Antique Weapon Shoppe.
 33520 | D:14     | Found a gate to the Vaults.
 34125 | D:15     | Entered Level 15 of the Dungeon
 34458 | D:15     | Reached skill level 10 in Armour
 35213 | D:15     | Learned a level 2 spell: Corpse Rot
 35225 | D:15     | Found a staircase to the Depths.
 35565 | D:15     | Found a stormy altar of Qazlal.
 36224 | Orc:1    | Entered Level 1 of the Orcish Mines
 36363 | Orc:1    | HP: 1/127 [orc knight/cursed +0 long sword (31)]
 36372 | Orc:1    | Slain by an orc knight

Illustrated notes

Levels and vault maps discovered:
D:1:      dpeg_arrival_water_fire, layout_basic, minmay_misc_feat_enclosed
D:2:      layout_loops_ring, grunt_temple_overflow_diamond
D:3:      layout_basic, nicolae_ru_sacrificial_ziggurat, uniq_ijyb
D:4:      layout_gridville
D:5:      layout_cave_pools, gammafunk_ghost_arena, minmay_strange_pillars,
          uniq_blork_the_orc, uniq_grinder, uniq_pikel, uniq_sigmund
D:6:      layout_basic, kennysheep_little_box, minmay_temple_entry_grid,
          basic_altar, hangedman_decor_clover_reticule, st_stairs_4
D:7:      layout_basic, marbit_many_paths
D:8:      layout_gridville, fedhas_altar_2, enter_bailey_3,
          kennysheep_generic_room_6, uniq_prince_ribbit1, uniq_harold
D:9:      layout_gridville, tso_altar, uniq_erolcha
D:10:     layout_cave_pools, uniq_sonja
D:11:     layout_irregular_city, david_lair_shrubbed
D:12:     layout_stronghold, orc_0_dummy, nicolae_trove_entry_free_sample
D:13:     kennysheep_green_arena, layout_cave_pools, serial_shops, shop,
          basic_altar, minmay_guarded_unrand_prune, uniq_kirke
D:14:     layout_roguey, erik_vaults_1, serial_park_tiny_pond, serial_shops,
          shop, nicolae_shop_temple_entry_statues_fountains
D:15:     hangedman_depths_entry_civil_slaughter, layout_cave_pods, basic_altar,
          minmay_misc_feat_diagonals, hangedman_decor_lopped,
          lemuel_flamethrower_2
Lair:1:   layout_cave_pods
Lair:2:   layout_concentric_octagons, minmay_shoals_entry_beasts
Lair:3:   layout_concentric_octagons, gammafunk_ghost_grave, lemuel_oklob_altar
Lair:4:   minmay_guarded_unrand_snakebite, layout_cave_pods,
          nicolae_spider_entry_orb_guardian, grunt_megastairs_2
Lair:5:   minmay_lair_venomous_thicket, layout_hall_layers,
          portal_ice_cave_demonic_guard, lemuel_fruit_fields,
          grunt_megastairs_4, lemuel_fruit_fields
Lair:6:   grunt_lair_end_beastmaster, layout_layer_cave, slime_altar_1,
          special_room [special_room_mythical_zoo], minmay_shattered_shrine,
          lemuel_fruit_fields
Orc:1:    minmay_goldmine, layout_diamond_mine, basic_altar,
          guppyfry_orc_lava_fort

Skill      XL: |  1  2  3  4  5  6  7  8  9 10 11 12 13 14 15 |
---------------+----------------------------------------------+-----
Dodging        | 2 3 4 5 6 7 8 9 10 | 10.4
Spellcasting   | 2 3 4 5 6 7 8 9 |  9.6
Fighting       | 1 2 3 4 5 6 7 8 9 10 | 10.3
Armour         | 1 2 3 4 5 6 7 8 9 10 | 10.2
Conjurations   | 4 5 6 7 8 9 10 | 10.8
Air Magic      | 2 4 5 6 7 8 9 |  9.0
Staves         | 2 4 5 6 7 8 |  8.3
Evocations     | 2 4 5 6 7 8 |  8.1
Translocations | 2 |  2.8
Stealth        | |  1.7

Action                   |  1- 3 |  4- 6 |  7- 9 | 10-12 | 13-15 || total
-------------------------+-------+-------+-------+-------+-------++-------
Melee: Whip              |     3 |       |       |       |    38 ||    41
       Short sword       |    45 |   101 |   253 |    39 |       ||   438
       Staff             |       |       |       |   696 |  1167 ||  1863
       Hand axe          |       |       |       |     9 |       ||     9
       Unarmed           |       |       |       |       |    20 ||    20
 Cast: Magic Dart        |    47 |     3 |       |     2 |       ||    52
       Searing Ray       |       |    12 |    39 |   140 |   109 ||   300
       Airstrike         |       |       |       |    41 |   241 ||   282
       Blink             |       |       |       |       |     1 ||     1
       Corpse Rot        |       |       |       |       |     1 ||     1
  Use: Scroll            |     4 |     9 |     6 |    16 |     9 ||    44
       Potion            |       |       |     2 |       |     8 ||    10
 Stab: Sleeping          |     2 |     4 |     4 |     4 |     1 ||    15
       Distracted        |       |       |       |     3 |     1 ||     4
       Petrified         |       |       |       |       |     1 ||     1
Armor: Robe              |     9 |    23 |   103 |    53 |       ||   188
       Ring mail         |       |       |       |   348 |   600 ||   948
Dodge: Dodged            |    26 |    80 |   341 |  1185 |  1925 ||  3557
